[Event "Titled Tuesday Blitz April 12 Early 2022"]
[White "Zemlyanskii, Ivan"]
[Black "Coto Mederos, Michel"]
[WhiteFideId "24249971"]
[BlackFideId "3508528"]
[WhiteElo "1759"]
[BlackElo "2427"]
[Result "0-1"]
[Round "08"]
[TimeControl "180+1"]
[Date "2022.04.12"]
[WhiteClock "0:01:19"]
[BlackClock "0:00:12"]

1. d4 d5 2. c4 e6 3. Nf3 Nf6 4. e3 Be7 5. b3 b6 6. Bd3 Bb7 7. O-O O-O 8. Bb2 Nbd7 9. Nc3 Ne4 10. Qc2 f5 11. Rfd1 c5 12. cxd5 exd5 13. dxc5 bxc5 14. Nxe4 fxe4 15. Bxe4 dxe4 16. Ne5 Nxe5 17. Rxd8 Nf3+ 18. gxf3 Raxd8 19. f4 Rd6 20. Rd1 Rg6+ 21. Kh1 Rxf4 22. Qc4+ Kh8 23. Qe6 Rxe6 24. Rg1 Rf7 25. Rd1 h6 26. Rd7 Bc6 27. Rc7 Rxf2 28. Bc3 Rc2 29. Ba5 Rd6 30. Be1 Rd1 31. Rc8+ Kh7 32. Rxc6 Rxe1# 0-1


[Site "https://www.chess.com"]

[Event "Titled Tuesday Blitz April 12 Early 2022"]
[White "Zia, Tahsin Tajwar"]
[Black "Kosteniuk, Alexandra"]
[WhiteFideId "10211888"]
[BlackFideId "4128125"]
[WhiteElo "1800"]
[BlackElo "2469"]
[Result "1/2-1/2"]
[Round "08"]
[TimeControl "180+1"]
[Date "2022.04.13"]
[WhiteClock "0:00:08"]
[BlackClock "0:00:11"]

1. d4 Nf6 2. c4 e6 3. g3 d5 4. Bg2 dxc4 5. Nf3 Nc6 6. Qa4 Bb4+ 7. Bd2 Bd6 8. O-O O-O 9. Nc3 e5 10. dxe5 Nxe5 11. Bg5 h6 12. Bxf6 Qxf6 13. Nxe5 Qxe5 14. Qxc4 Be6 15. Qb5 Rab8 16. Rfd1 c6 17. Qxe5 Bxe5 18. f4 Bf6 19. e4 Bxc3 20. bxc3 Rfd8 21. a3 Kf8 22. Kf2 Ke7 23. Ke3 a5 24. Bf3 Bb3 25. Rd4 c5 26. Rxd8 Rxd8 27. e5 b5 28. Be4 a4 29. Bc6 Bc4 30. Be4 f6 31. exf6+ Kxf6 32. g4 Be6 33. Rg1 b4 34. cxb4 cxb4 35. axb4 Rb8 36. g5+ hxg5 37. fxg5+ Ke5 38. Rc1 Rxb4 39. Rc5+ Kd6 40. Rc6+ Ke7 41. Ra6 Bd7 42. h4 Rb3+ 43. Kf4 Rh3 44. Ra7 Rxh4+ 45. Ke5 Kd8 46. Ra8+ Kc7 47. Ra7+ Kd8 48. Ra8+ Ke7 49. Ra7 Rh2 50. Bc6 Re2+ 51. Kf4 Rd2 52. Bxd7 Rxd7 53. Rxa4 Kf7 54. Ra6 Rd5 55. Kg4 g6 56. Ra7+ Kg8 57. Ra6 Kg7 58. Ra7+ Kg8 59. Ra6 Kg7 60. Ra7+ Kg8 1/2-1/2


[Site "https://www.chess.com"]

[Event "Titled Tuesday Blitz April 12 Early 2022"]
[White "Zierk, Steven"]
[Black "Secheres, Adrian-Simion"]
[WhiteFideId "2034255"]
[BlackFideId "1217445"]
[WhiteElo "2494"]
[BlackElo "2277"]
[Result "1-0"]
[Round "08"]
[TimeControl "180+1"]
[Date "2022.04.12"]
[WhiteClock "0:00:48"]
[BlackClock "0:00:02"]

1. d4 Nf6 2. c4 g6 3. Nc3 Bg7 4. e4 d6 5. Nf3 O-O 6. Be2 e5 7. Be3 Ng4 8. Bg5 f6 9. Bc1 Nc6 10. O-O exd4 11. Nxd4 Nge5 12. Be3 Nxd4 13. Bxd4 f5 14. f4 Nc6 15. Bxg7 Kxg7 16. Bf3 fxe4 17. Bxe4 Bf5 18. Bxf5 Rxf5 19. Nd5 Qd7 20. Qd3 Raf8 21. Rae1 R5f7 22. Re3 Ne7 23. Qd4+ Kg8 24. Nxe7+ Rxe7 25. Qxa7 b6 26. Qa3 Rxe3 27. Qxe3 Qf7 28. b3 Re8 29. Qf3 Qf5 30. h3 Re4 31. Kh2 Qe6 32. Rf2 Re3 33. Qc6 Qe7 34. b4 Kg7 35. a4 h5 36. a5 bxa5 37. bxa5 h4 38. a6 Ra3 39. Qb5 Qe1 40. Qb2+ Kh7 41. Qxa3 Qxf2 42. a7 Qxf4+ 43. Kg1 Qd4+ 44. Kf1 Qxc4+ 45. Kf2 Qf4+ 46. Ke2 Qe4+ 47. Kd1 Qd5+ 48. Kc2 Qxg2+ 49. Kb1 Qh1+ 50. Ka2 Qg2+ 51. Kb3 Qxh3+ 52. Kb4 c5+ 53. Ka4 Qd7+ 54. Kb3 Qb7+ 55. Ka2 Qa8 56. Qa5 h3 57. Qc7+ Kh6 58. Qb8 Qd5+ 59. Ka3 Qd3+ 60. Ka4 Qa6+ 61. Kb3 Qd3+ 62. Kb2 Qd2+ 63. Ka3 Qd3+ 64. Ka2 Qa6+ 65. Kb2 Qe2+ 66. Kc3 Qe3+ 67. Kc4 Qd4+ 68. Kb5 Qb4+ 69. Ka6 Qa4+ 70. Kb6 h2 71. a8=Q Qb3+ 72. Kc7 Qf7+ 73. Kxd6 Qf4+ 74. Ke7 Qe3+ 75. Kf8 Qf2+ 76. Kg8 Qg1 77. Qf4+ g5 78. Qc6+ Kh5 79. Qe8+ Kh6 80. Qf6# 1-0


[Site "https://www.chess.com"]

[Event "Titled Tuesday Blitz April 12 Early 2022"]
[White "Abdusattorov, Nodirbek"]
[Black "Sarana, Alexey"]
[WhiteFideId "14204118"]
[BlackFideId "24133795"]
[WhiteElo "2663"]
[BlackElo "2666"]
[Result "1-0"]
[Round "09"]
[TimeControl "180+1"]
[Date "2022.04.12"]
[WhiteClock "0:00:08"]
[BlackClock "0:00:03"]

1. c4 e6 2. Nc3 d5 3. d4 Bb4 4. cxd5 exd5 5. Bf4 Nf6 6. e3 O-O 7. Bd3 Bg4 8. Ne2 c6 9. O-O Bh5 10. Qb3 Qe7 11. Ng3 Bg6 12. Nf5 Bxf5 13. Bxf5 Nbd7 14. Ne2 Nb6 15. Ng3 Bd6 16. Bxh7+ Kxh7 17. Nf5 Qd7 18. Nxd6 Nh5 19. Be5 f6 20. Nxb7 fxe5 21. Nc5 Qd6 22. Qc2+ e4 23. f3 Nc4 24. Qe2 exf3 25. Rxf3 Rxf3 26. Qxf3 Qg6 27. b3 Nd2 28. Qe2 Ne4 29. Nxe4 dxe4 30. Rc1 Rf8 31. Rc5 Rf5 32. Rc1 a5 33. a3 Qd6 34. Qg4 g6 35. Qxe4 Qxa3 36. Qxc6 Qxb3 37. Qe8 Ng7 38. Qe7 Qd3 39. h3 Kh6 40. Rc7 Nh5 41. Rc8 Rf1+ 42. Kh2 Nf6 43. Rh8+ Kg5 44. Qe5+ Qf5 45. Qg3+ Ng4+ 46. hxg4 Qxg4 47. Qxg4+ Kxg4 48. Ra8 Re1 49. Ra6 Rxe3 50. Rxg6+ Kf4 51. Ra6 Rd3 52. Rxa5 Rxd4 53. Kh3 Rd8 54. g3+ Ke4 55. g4 Rh8+ 56. Kg3 Rg8 57. Rf5 Rg7 58. Kh4 Rg8 59. Ra5 Rh8+ 60. Rh5 Rg8 61. Rh6 Ke5 62. g5 Rf8 63. Kh5 Rf1 64. Ra6 Rf8 65. Kh6 Kf5 66. g6 Rh8+ 67. Kg7 Rb8 68. Kh7 Rb1 69. g7 Rh1+ 70. Rh6 Ke5 71. Rxh1 1-0


[Site "https://www.chess.com"]

[Event "Titled Tuesday Blitz April 12 Early 2022"]
[White "Ahmadzada, Ahmad"]
[Black "Vokarev, Sergey"]
[WhiteFideId "13413007"]
[BlackFideId "4119711"]
[WhiteElo "2228"]
[BlackElo "2343"]
[Result "0-1"]
[Round "09"]
[TimeControl "180+1"]
[Date "2022.04.12"]
[WhiteClock "0:00:04"]
[BlackClock "0:00:19"]

1. Nf3 Nf6 2. g3 g6 3. Bg2 Bg7 4. O-O O-O 5. b3 d5 6. Bb2 c6 7. c4 Bf5 8. d3 a5 9. a3 Na6 10. Nbd2 b5 11. Ne5 Qb6 12. cxd5 cxd5 13. Ndf3 Rac8 14. Nd4 Rfd8 15. Qd2 Nc5 16. Bc3 Nb7 17. b4 a4 18. Bb2 Ne8 19. Nxf5 gxf5 20. Rac1 Bh6 21. e3 d4 22. Nc6 dxe3 23. Nxe7+ Kf8 24. Nxc8 exd2 25. Nxb6 dxc1=Q 26. Bxc1 Bxc1 27. Rxc1 Nbd6 28. Kf1 Ng7 29. Rc7 Ne6 30. Rd7 Rxd7 31. Nxd7+ Ke7 32. Ne5 Nd4 33. Nc6+ Nxc6 34. Bxc6 Ke6 35. d4 f4 36. Ke2 fxg3 37. hxg3 f5 38. Kd3 f4 39. gxf4 Kf5 40. Bf3 Kxf4 41. Bc6 h5 42. Bd7 h4 43. d5 Ke5 44. Be6 Nc4 45. Bd7 Nxa3 46. Bc6 h3 47. f4+ Kd6 48. f5 h2 49. f6 h1=Q 50. f7 Qf1+ 51. Ke4 0-1


[Site "https://www.chess.com"]

[Event "Titled Tuesday Blitz April 12 Early 2022"]
[White "Andreikin, Dmitry"]
[Black "Le, Tuan Minh"]
[WhiteFideId "4158814"]
[BlackFideId "12401153"]
[WhiteElo "2736"]
[BlackElo "2450"]
[Result "0-1"]
[Round "09"]
[TimeControl "180+1"]
[Date "2022.04.12"]
[WhiteClock "0:00:06"]
[BlackClock "0:00:10"]

1. d4 Nf6 2. c4 e6 3. Nf3 Bb4+ 4. Bd2 a5 5. g3 b6 6. Bg2 Bb7 7. O-O O-O 8. Qc2 h6 9. Nc3 d6 10. Rfe1 Bxc3 11. Bxc3 Be4 12. Qc1 Nbd7 13. b3 Qc8 14. Bh3 Bf5 15. Bxf5 exf5 16. Nh4 Re8 17. Nxf5 Nf8 18. Qc2 Ne4 19. Nh4 Qh3 20. Bb2 Nh7 21. Ng2 Nhf6 22. Nf4 Qf5 23. Qd3 g5 24. f3 gxf4 25. fxe4 Qxe4 26. d5 Ng4 27. Qf3 fxg3 28. hxg3 Ne3 29. Rac1 Re7 30. Kf2 Rae8 31. Qxe4 Rxe4 32. Kf3 f5 33. Rc3 Ng4 34. Bc1 Kh7 35. Bf4 Kg6 36. e3 Ne5+ 37. Ke2 Nd7 38. Rh1 h5 39. a3 Nf6 40. Kf3 R4e7 41. Rc2 Ng4 42. Re2 Re4 43. Rc1 a4 44. bxa4 Ra8 45. c5 bxc5 46. Rb2 Raxa4 47. Rb7 Rxa3 48. Rxc7 Ra2 0-1


[Site "https://www.chess.com"]

[Event "Titled Tuesday Blitz April 12 Early 2022"]
[White "Artemenko, Oleg"]
[Black "Bryakin, Mikhail"]
[WhiteFideId "14201798"]
[BlackFideId "4165314"]
[WhiteElo "2287"]
[BlackElo "2417"]
[Result "0-1"]
[Round "09"]
[TimeControl "180+1"]
[Date "2022.04.12"]
[WhiteClock "0:01:24"]
[BlackClock "0:01:39"]

1. d4 Nf6 2. Nc3 c5 3. Nf3 cxd4 4. Nxd4 d5 5. Bf4 a6 6. e3 Nc6 7. Be2 g6 8. O-O Bg7 9. Bg3 O-O 10. Bf3 e6 11. Na4 Nd7 12. c4 Nxd4 13. exd4 dxc4 14. Rc1 Ra7 15. b3 b5 16. Nb2 cxb3 17. Bd6 bxa2 18. Bxf8 Nxf8 19. Ra1 Qxd4 20. Qxd4 Bxd4 21. Rxa2 a5 22. Rd1 e5 23. Bd5 Be6 24. Bxe6 Nxe6 25. g3 a4 26. Kg2 Nc5 27. f4 f6 28. Rb1 b4 29. fxe5 fxe5 30. Nxa4 Rxa4 31. Rxa4 Nxa4 32. Rxb4 Nc5 33. Kf3 Kf7 34. Rb7+ Nxb7 35. Ke4 Nd6+ 36. Kd5 Nf5 37. g4 Ne3+ 38. Ke4 Nxg4 39. Kd5 Nxh2 40. Kd6 Kf6 41. Kd5 Kf5 42. Kc4 Ke4 43. Kb5 Kd3 44. Kc6 e4 45. Kd5 e3 46. Ke6 e2 47. Kf7 e1=Q 48. Kf8 g5 49. Kf7 g4 50. Kg8 g3 51. Kf8 g2 52. Kf7 Qf2+ 53. Ke6 Qf6+ 54. Kd5 Qe5+ 55. Kc6 g1=Q 56. Kd7 Qgg7+ 57. Kc8 Qgc7# 0-1


[Site "https://www.chess.com"]

[Event "Titled Tuesday Blitz April 12 Early 2022"]
[White "Aslanov, Umid"]
[Black "Yeletsky, Ivan"]
[WhiteFideId "13412620"]
[BlackFideId "24180327"]
[WhiteElo "1796"]
[BlackElo "2319"]
[Result "0-1"]
[Round "09"]
[TimeControl "180+1"]
[Date "2022.04.13"]
[WhiteClock "0:00:14"]
[BlackClock "0:02:05"]

1. e4 d6 2. d4 Nf6 3. Nc3 g6 4. f4 Bg7 5. Nf3 c5 6. dxc5 Qa5 7. Bd3 Qxc5 8. Qe2 Bg4 9. Be3 Bxf3 10. Qxf3 Qh5 11. Qxh5 Nxh5 12. Nd5 Kd7 13. c3 Nc6 14. g4 Nf6 15. g5 Nh5 16. f5 e6 17. Nf4 Nxf4 18. Bxf4 h6 19. O-O-O hxg5 20. Bxg5 Bh6 21. Bxh6 Rxh6 22. fxe6+ fxe6 23. Rd2 Ne5 24. Bb5+ Ke7 25. Rg2 Rf8 26. Be2 Rf4 27. Kd2 Rxe4 28. Rhg1 Reh4 29. Rh1 d5 30. Ke3 Kd6 31. a3 b6 32. b4 Rh3+ 33. Kd2 R6h4 34. Rf2 a5 35. bxa5 bxa5 36. Rb1 Rxh2 37. Rf8 Re4 38. Rb6+ Kc7 39. Rxe6 Nc4+ 40. Kd3 Rxe6 41. a4 Rexe2 42. Rf7+ Kd6 43. Rd7+ Kxd7 44. Kd4 g5 45. Kc5 g4 46. Kb5 g3 47. Ka6 g2 48. Kb7 g1=Q 49. Ka6 Qb6# 0-1


[Site "https://www.chess.com"]

[Event "Titled Tuesday Blitz April 12 Early 2022"]
[White "Atakhan, Abtin"]
[Black "Gunina, Valentina"]
[WhiteFideId "22502203"]
[BlackFideId "4167570"]
[WhiteElo "2735"]
[BlackElo "2725"]
[Result "1-0"]
[Round "09"]
[TimeControl "180+1"]
[Date "2022.04.13"]
[WhiteClock "0:00:20"]
[BlackClock "0:00:56"]

1. c4 c6 2. g3 d5 3. Bg2 Nf6 4. Nf3 g6 5. b3 Bg7 6. Bb2 O-O 7. O-O a5 8. Nc3 d4 9. Na4 d3 10. exd3 Qxd3 11. Nb6 Ra6 12. Nxc8 Rxc8 13. Re1 e6 14. Ne5 Qd8 15. Qe2 Qf8 16. Bh3 c5 17. Bg2 Rc7 18. Rad1 a4 19. d4 axb3 20. axb3 Nbd7 21. d5 exd5 22. cxd5 Rc8 23. Qb5 Rb6 24. Nxd7 Rxb5 25. Nxf8 Kxf8 26. Bh3 Rd8 27. Be5 Rxb3 28. Bc7 Rxd5 29. Rxd5 Nxd5 30. Bd6+ 1-0


[Site "https://www.chess.com"]

[Event "Titled Tuesday Blitz April 12 Early 2022"]
[White "Avalos Parra, Joao"]
[Black "Silvestre, Christian"]
[WhiteFideId "3402541"]
[BlackFideId "30956269"]
[WhiteElo "2173"]
[BlackElo "2448"]
[Result "1-0"]
[Round "09"]
[TimeControl "180+1"]
[Date "2022.04.13"]
[WhiteClock "0:01:33"]
[BlackClock "0:00:14"]

1. d4 Nf6 2. Nc3 d5 3. Bg5 Bf5 4. Bxf6 gxf6 5. e4 dxe4 6. Qe2 Nc6 7. O-O-O Nxd4 8. Qe3 c5 9. Bb5+ Bd7 10. Nxe4 Bg7 11. Bxd7+ Qxd7 12. Nxc5 Qc6 13. Qxd4 O-O 14. Nd7 Rac8 15. c3 Rfd8 16. Nf3 f5 17. Qd5 Qh6+ 18. Kb1 e6 19. Qb3 Rc7 20. Nde5 Rdc8 21. Rd7 Bxe5 22. Nxe5 Qg7 23. Rxc7 Rxc7 24. f4 Qxg2 25. Qd1 Qe4+ 26. Ka1 Rc8 27. Rg1+ Kh8 28. Nxf7# 1-0


[Site "https://www.chess.com"]

[Event "Titled Tuesday Blitz April 12 Early 2022"]
[White "Bach, Ngoc Thuy Duong"]
[Black "De Arruda, Leandro Formes"]
[WhiteFideId "12408956"]
[BlackFideId "22722009"]
[WhiteElo "1862"]
[BlackElo "1852"]
[Result "1-0"]
[Round "09"]
[TimeControl "180+1"]
[Date "2022.04.13"]
[WhiteClock "0:00:03"]
[BlackClock "0:00:02"]

1. d4 d5 2. c4 e6 3. Nc3 Nf6 4. cxd5 exd5 5. Bg5 Be7 6. e3 O-O 7. Bd3 c6 8. Nf3 Ne4 9. Bf4 f5 10. O-O Be6 11. Ne5 Nd7 12. f3 Nxe5 13. Bxe5 Nxc3 14. bxc3 Bd6 15. Bxd6 Qxd6 16. Qe2 c5 17. Rad1 c4 18. Bc2 Qa3 19. Qd2 b5 20. Rb1 a6 21. e4 fxe4 22. fxe4 Qe7 23. Rfe1 Qh4 24. a4 Rab8 25. axb5 axb5 26. g3 Qh5 27. Qe3 Rf3 28. Qe2 Qf7 29. Rf1 Rf8 30. Rxf3 Qxf3 31. Qxf3 Rxf3 32. exd5 Bxd5 33. Rxb5 Rxc3 34. Bxh7+ Kxh7 35. Rxd5 Rd3 36. Kg2 c3 37. Rc5 Rd2+ 38. Kh3 c2 39. d5 Kg8 40. Kg4 Kf7 41. h4 Ke8 42. Rc6 Rxd5 43. Rxc2 Kf7 44. Rc7+ Kg6 45. h5+ Kh6 46. Rc6+ Kh7 47. Kh4 Rd1 48. g4 Rd5 49. Rc7 Rd4 50. Rc5 Rd3 51. Rc4 Rd1 52. Rc7 Rd4 53. Rc8 Re4 54. Rc6 Rd4 55. Kg3 Rd3+ 56. Kf4 Rd1 57. g5 Rf1+ 58. Ke5 Re1+ 59. Kd4 Rd1+ 60. Ke5 Rf1 61. Rc7 Re1+ 62. Kf4 Rf1+ 63. Ke3 Rg1 64. Kf4 Rf1+ 65. Kg4 Rg1+ 66. Kf5 Rf1+ 67. Ke6 Re1+ 68. Kd5 Rg1 69. g6+ Kh6 70. Ke4 1-0


[Site "https://www.chess.com"]

[Event "Titled Tuesday Blitz April 12 Early 2022"]
[White "Bachmann, Axel"]
[Black "Piliczewski, Bogusz"]
[WhiteFideId "3700488"]
[BlackFideId "1104144"]
[WhiteElo "2587"]
[BlackElo "1896"]
[Result "1-0"]
[Round "09"]
[TimeControl "180+1"]
[Date "2022.04.13"]
[WhiteClock "0:00:19"]
[BlackClock "0:00:21"]

1. d4 c6 2. c4 d5 3. Nf3 Nf6 4. g3 Bf5 5. Nc3 e6 6. Nh4 Bg4 7. h3 Bh5 8. g4 Nfd7 9. Qb3 b6 10. Bg2 Qxh4 11. cxd5 exd5 12. Nxd5 Bd6 13. Qe3+ Kf8 14. gxh5 Qxh5 15. Nf4 Qf5 16. Be4 Qxf4 17. Qxf4 Bxf4 18. Bxf4 Ke7 19. Rc1 Rc8 20. d5 Nf6 21. Bf5 Rd8 22. dxc6 Nxc6 23. Rxc6 Nd5 24. Bg5+ f6 25. Bc1 g6 26. Bg4 Rd6 27. Rxd6 Kxd6 28. O-O f5 29. Bf3 Rc8 30. Rd1 Rc5 31. Rxd5+ Rxd5 32. Bxd5 Kxd5 33. Kg2 h6 34. Kf3 g5 35. h4 f4 36. hxg5 hxg5 37. Kg4 Kd4 38. Kxg5 f3 39. Be3+ Ke4 40. exf3+ Kxf3 41. a4 Ke4 42. Kg4 Kd3 43. a5 b5 44. Bxa7 Kc2 45. b4 Kc3 46. Bc5 Kc4 47. a6 Kd5 48. a7 1-0


[Site "https://www.chess.com"]

[Event "Titled Tuesday Blitz April 12 Early 2022"]
[White "Barria Zuniga, Daniel"]
[Black "Ferreira, Vitor Hugo Vieira"]
[WhiteFideId "3400816"]
[BlackFideId "2119765"]
[WhiteElo "2414"]
[BlackElo "2165"]
[Result "0-1"]
[Round "09"]
[TimeControl "180+1"]
[Date "2022.04.13"]
[WhiteClock "0:00:30"]
[BlackClock "0:00:44"]

1. d4 Nf6 2. c4 g6 3. Nc3 d5 4. Bf4 Bg7 5. e3 O-O 6. Rc1 c6 7. h3 a6 8. Nf3 b5 9. b3 e6 10. Bd3 Re8 11. O-O Nbd7 12. a4 b4 13. Na2 a5 14. cxd5 cxd5 15. Bc7 Qe7 16. Bh2 Ba6 17. Bxa6 Rxa6 18. Qe2 Ra7 19. Rc6 Ne4 20. Rfc1 e5 21. dxe5 Nxe5 22. Bxe5 Bxe5 23. Qb5 Rd8 24. Rc8 Bc3 25. Rxd8+ Qxd8 26. Rd1 Rd7 27. Nc1 Bf6 28. Ne2 h5 29. Nf4 Nc3 30. Qd3 Nxd1 31. Qxd1 d4 32. e4 Qe7 33. Qd3 Qc5 34. g3 Qc3 35. Kg2 Qxd3 36. Nxd3 Rc7 37. e5 Rc3 0-1


[Site "https://www.chess.com"]

[Event "Titled Tuesday Blitz April 12 Early 2022"]
[White "Belenkaya, Dina"]
[Black "Allahverdiyeva, Ayan"]
[WhiteFideId "24142654"]
[BlackFideId "13412590"]
[WhiteElo "2196"]
[BlackElo "1910"]
[Result "0-1"]
[Round "09"]
[TimeControl "180+1"]
[Date "2022.04.13"]
[WhiteClock "0:00:01"]
[BlackClock "0:00:01"]

1. e4 c5 2. Nc3 Nc6 3. Nf3 d6 4. g3 g6 5. Bg2 Bg7 6. O-O e5 7. d3 Nge7 8. Bg5 f6 9. Be3 Be6 10. Qd2 O-O 11. Nh4 Nd4 12. f4 exf4 13. gxf4 f5 14. Nf3 Nec6 15. Ng5 Bd7 16. Nd5 h6 17. Nf3 fxe4 18. dxe4 Bg4 19. c3 Nxf3+ 20. Bxf3 Bxf3 21. Rxf3 Ne5 22. Rg3 Nc4 23. Qe2 Nxe3 24. Qxe3 Kh7 25. Kh1 Qd7 26. Rag1 Qf7 27. f5 g5 28. Rh3 Rae8 29. Qf3 Bf6 30. Rh5 Qg7 31. Nxf6+ Rxf6 32. Rgxg5 Qe7 33. Rg4 d5 34. exd5 Qe1+ 35. Rg1 Qe5 36. Qg2 Rd6 37. c4 Rf8 38. Qg4 b5 39. b3 bxc4 40. bxc4 Rb6 41. h4 Qf6 42. Qg6+ Qxg6 43. fxg6+ Rxg6 44. Rxg6 Kxg6 45. Re5 Rf4 46. Re6+ Kg7 47. Re7+ Kf6 48. Re6+ Kg7 49. Ra6 Rxc4 50. h5 Rh4+ 51. Kg2 Rxh5 52. d6 Rd5 53. Kf3 Kf6 54. d7+ Ke7 55. Rxa7 Rxd7 56. Ra6 Rd6 57. Ra7+ Ke6 58. Rh7 Kd5 59. Ke3 Kc4 60. Ra7 Kc3 61. Ra3+ Kb4 62. Rb3+ Ka4 63. Rb8 c4 64. Rc8 Kb4 0-1


[Site "https://www.chess.com"]

[Event "Titled Tuesday Blitz April 12 Early 2022"]
[White "Bettalli, Francesco"]
[Black "Rohith Krishna S"]
[WhiteFideId "2816453"]
[BlackFideId "46617051"]
[WhiteElo "2216"]
[BlackElo "2117"]
[Result "0-1"]
[Round "09"]
[TimeControl "180+1"]
[Date "2022.04.12"]
[WhiteClock "0:00:07"]
[BlackClock "0:00:11"]

1. d4 Nf6 2. Nc3 g6 3. e4 d6 4. Bf4 Bg7 5. Qd2 O-O 6. O-O-O Re8 7. Bh6 Bh8 8. f3 c6 9. g4 b5 10. h4 b4 11. Nce2 a5 12. h5 a4 13. hxg6 fxg6 14. Ng3 b3 15. cxb3 axb3 16. a3 Be6 17. Qh2 Qa5 18. Bd2 Qb6 19. Bc3 Bg7 20. g5 Nbd7 21. gxf6 Nxf6 22. N1e2 h5 23. Nf4 Bh6 24. Ne2 Bf7 25. Kb1 e5 26. Nd3 exd4 27. Bxd4 Qd8 28. Rg1 Ra4 29. Bc3 c5 30. Nxc5 Rc4 31. Rxd6 Rxc5 32. Rxd8 Rxd8 33. Bh3 Nh7 34. Nf4 Ng5 35. Ne6 Nxf3 36. Qf2 Rxc3 37. bxc3 Nd2+ 38. Kb2 Nc4+ 39. Kxb3 Rc8 40. Nd4 Nd2+ 41. Kc2 Nxe4 42. Qxf7+ Kxf7 43. Bxc8 Nd6 44. Be6+ Kf6 45. Bd5 g5 46. Rf1+ Ke5 47. Nf3+ Kxd5 48. Rd1+ Kc5 49. Ne5 g4 50. Rxd6 Kxd6 51. Nf7+ Ke6 52. Nxh6 g3 0-1


[Site "https://www.chess.com"]

[Event "Titled Tuesday Blitz April 12 Early 2022"]
[White "Bintang, Rasyid A. Hidayat"]
[Black "Kalavannan, Koby"]
[WhiteFideId "7105355"]
[BlackFideId "425753"]
[WhiteElo "2402"]
[BlackElo "1927"]
[Result "1-0"]
[Round "09"]
[TimeControl "180+1"]
[Date "2022.04.13"]
[WhiteClock "0:00:44"]
[BlackClock "0:00:12"]

1. d4 Nf6 2. Bf4 c5 3. d5 e6 4. Nc3 exd5 5. Nxd5 Nxd5 6. Qxd5 Nc6 7. O-O-O Be7 8. Bd6 O-O 9. Qxc5 Bxd6 10. Qxd6 Re8 11. e3 Qa5 12. a3 Re6 13. Qd2 Qc7 14. Bc4 Rf6 15. Nf3 d6 16. Kb1 Bg4 17. Bd5 Ne7 18. h3 Nxd5 19. hxg4 Nb6 20. g5 Rg6 21. Rh4 h6 22. gxh6 gxh6 23. Rdh1 Kg7 24. Qd4+ f6 25. Rg4 Qf7 26. Rxg6+ Qxg6 27. Qxd6 Rc8 28. Qd3 Qf7 29. Nh4 Rh8 30. Nf5+ Kf8 31. Qd6+ Kg8 32. Rxh6 Rh7 33. Qb8+ Qf8 34. Qxf8+ Kxf8 35. Rxh7 1-0


[Site "https://www.chess.com"]

[Event "Titled Tuesday Blitz April 12 Early 2022"]
[White "Bluebaum, Matthias"]
[Black "Zhu, Jiner"]
[WhiteFideId "24651516"]
[BlackFideId "8608059"]
[WhiteElo "2550"]
[BlackElo "2281"]
[Result "1-0"]
[Round "09"]
[TimeControl "180+1"]
[Date "2022.04.12"]
[WhiteClock "0:00:42"]
[BlackClock "0:00:16"]

1. d4 Nf6 2. c4 e6 3. Nc3 d5 4. cxd5 Nxd5 5. e4 Nxc3 6. bxc3 c5 7. Rb1 Be7 8. Bc4 O-O 9. Ne2 Nc6 10. O-O b6 11. Be3 Bb7 12. Ng3 Rc8 13. Rc1 a6 14. Qg4 b5 15. Bb3 Re8 16. Rfd1 cxd4 17. cxd4 Na5 18. Bc2 Ba3 19. Nh5 g6 20. Bg5 Be7 21. Bxe7 Qxe7 22. e5 Red8 23. Nf6+ Kg7 24. Qh4 h6 25. Qg3 Nc6 26. d5 exd5 27. f4 d4 28. Bf5 Rc7 29. h4 Nb4 30. Rxc7 Qxc7 31. h5 Nd5 32. hxg6 Nxf6 33. gxf7+ Kh8 34. Qg6 Qc6 35. Qxh6+ 1-0


[Site "https://www.chess.com"]

[Event "Titled Tuesday Blitz April 12 Early 2022"]
[White "Bortnyk, Olexandr"]
[Black "Grischuk, Alexander"]
[WhiteFideId "14120828"]
[BlackFideId "4126025"]
[WhiteElo "2723"]
[BlackElo "2762"]
[Result "1-0"]
[Round "09"]
[TimeControl "180+1"]
[Date "2022.04.12"]
[WhiteClock "0:00:18"]
[BlackClock "0:00:01"]

1. d4 Nf6 2. Nc3 d5 3. Bf4 g6 4. e3 Bg7 5. h4 h5 6. Nf3 O-O 7. Nb5 Na6 8. Be2 c6 9. Nc3 Qb6 10. a3 Nb8 11. b4 Bg4 12. Ne5 Bxe2 13. Qxe2 Nbd7 14. O-O Qd8 15. Rad1 e6 16. Bg5 Qc7 17. Bxf6 Bxf6 18. Nxd7 Qxd7 19. g3 a5 20. Na4 Qc7 21. b5 Be7 22. Ra1 Rfc8 23. c4 cxb5 24. cxb5 Qd8 25. Qd2 Rc4 26. Nb2 Rc7 27. Nd3 a4 28. Rfc1 Rac8 29. Rxc7 Qxc7 30. Rc1 Qd7 31. Rxc8+ Qxc8 32. Qa5 Qc2 33. Ne5 Qb1+ 34. Kh2 Qc2 35. Kg2 Qe4+ 36. Nf3 Qc2 37. Qa8+ Kg7 38. Qxb7 Bxa3 39. Ng5 Qf5 40. Qa7 Bd6 41. b6 1-0


[Site "https://www.chess.com"]

[Event "Titled Tuesday Blitz April 12 Early 2022"]
[White "Brodowski, Piotr"]
[Black "Kamsky, Gata"]
[WhiteFideId "1124480"]
[BlackFideId "2000024"]
[WhiteElo "2422"]
[BlackElo "2645"]
[Result "0-1"]
[Round "09"]
[TimeControl "180+1"]
[Date "2022.04.12"]
[WhiteClock "0:00:01"]
[BlackClock "0:00:05"]

1. c4 e5 2. Nc3 Nc6 3. Nf3 Nf6 4. e4 Bb4 5. d3 d6 6. a3 Bxc3+ 7. bxc3 Bg4 8. Be2 h6 9. h3 Bh5 10. Be3 Nd7 11. O-O O-O 12. Qd2 Bg6 13. Rae1 Nc5 14. g3 Bh7 15. Nh4 Rb8 16. Kh2 b5 17. cxb5 Rxb5 18. Nf5 Nb3 19. Qd1 Qf6 20. g4 Rfb8 21. Rg1 Bxf5 22. gxf5 Nc5 23. Bf1 Rb2 24. Qh5 Kf8 25. Be2 Na4 26. Rxg7 Kxg7 27. Rg1+ Kf8 28. Bxh6+ Ke8 29. Bg5 Qg7 30. Bh4 Qf8 31. Qh7 Rxe2 32. Rg8 Kd7 33. Rxf8 Rxf8 34. Qg7 Ke8 35. Qg4 Rb2 36. f6 Kd8 37. Qg7 Ke8 38. Qg4 Nb6 39. Bg5 Nd7 40. Kg3 Rh8 41. h4 Nd8 42. h5 Ne6 43. h6 Ndf8 44. Qf5 Ng6 45. Be3 Kd7 46. d4 Kd8 47. d5 Nc5 48. Bg5 Nd7 49. f3 Rb8 50. Qh3 Ndf8 51. Qf1 Nh7 52. Qe1 Nxg5 53. Qe3 Rc8 54. Qxa7 Rxh6 55. Kg4 Nh3 56. Qa4 Nhf4 57. Kf5 Rh5+ 58. Kg4 Rh2 59. Kg5 Rg2+ 60. Kh6 Nf8 61. Qb3 Rg6# 0-1


[Site "https://www.chess.com"]

[Event "Titled Tuesday Blitz April 12 Early 2022"]
[White "Coto Mederos, Michel"]
[Black "Obolenskikh, Dmitry"]
[WhiteFideId "3508528"]
[BlackFideId "4156013"]
[WhiteElo "2427"]
[BlackElo "2512"]
[Result "1/2-1/2"]
[Round "09"]
[TimeControl "180+1"]
[Date "2022.04.12"]
[WhiteClock "0:00:08"]
[BlackClock "0:00:15"]

1. c4 e6 2. Nc3 d5 3. d4 Nf6 4. cxd5 Nxd5 5. e4 Nxc3 6. bxc3 c5 7. Rb1 cxd4 8. cxd4 Nc6 9. Bb5 Bd7 10. Nf3 Bb4+ 11. Bd2 Bxd2+ 12. Qxd2 O-O 13. O-O a6 14. Bd3 b5 15. d5 exd5 16. exd5 Ne7 17. d6 Ng6 18. Be4 Rb8 19. Rbc1 Re8 20. Bd5 Rb6 21. Bxf7+ Kxf7 22. Qd5+ Be6 23. Ng5+ Kg8 24. Nxe6 Rxd6 25. Nxd8+ Rxd5 26. Nc6 Rd2 27. a3 Nf4 28. Rcd1 Ra2 29. Rd7 Rxa3 30. Ne7+ Kh8 31. Nf5 Rg8 32. Ne7 Rf8 33. h4 b4 34. Rfd1 b3 35. Nf5 Ne6 36. Re7 b2 37. Rxe6 Ra1 38. Ree1 Rxd1 39. Rxd1 a5 40. Ne3 a4 41. Nc4 a3 42. Nxa3 Ra8 43. Nb1 Kg8 44. Kf1 Rc8 45. Ke2 Rc1 46. Kd2 Rc4 47. Nc3 Rxh4 48. Kc2 Rh2 49. Rg1 h5 50. Kxb2 h4 51. Kc2 h3 52. gxh3 Rxf2+ 53. Kb3 Rf3 54. Rh1 Kh7 55. Kc4 Kh6 56. Kd4 Kh5 57. Ne4 Kh4 58. Rg1 Rxh3 59. Rxg7 Ra3 60. Ke5 Kh5 61. Rg1 Ra5+ 62. Kf4 Ra4 63. Kf5 Ra5+ 64. Kf4 Ra4 65. Rg2 Rb4 66. Kf5 Rb5+ 67. Ke6 Rb6+ 68. Nd6 Ra6 69. Ke5 Kh4 70. Nf5+ Kh5 71. Nd6 Kh4 72. Rg1 Ra5+ 73. Kf4 Ra4+ 74. Kf5 Ra5+ 75. Kf4 Ra4+ 76. Ne4 Kh5 1/2-1/2


[Site "https://www.chess.com"]